 Dungeon Crawl Stone Soup version 0.31.0-12-g77e489cdc1 (webtiles) character file.

Game seed: 13980224085030254975

496 ChickenMitten the Magician (level 7, 0/36 HPs)
             Began as a Gargoyle Fire Elementalist on Feb 10, 2024.
             Was an Initiate of Gozag.
             Slain by a sleepcap (1 damage)
             ... on level 6 of the Dungeon on Feb 25, 2024.
             The game lasted 00:20:10 (5414 turns).

ChickenMitten the Magician (GrFE)                   Turns: 5414, Time: 00:20:11

Health: 0/36       AC:  8    Str: 11    XL:     7   Next: 15%
Magic:  5/17       EV: 12    Int: 18    God:    Gozag
Gold:   299        SH:  0    Dex: 10    Spells: 13/19 levels left

rFire   + . .        A - +7 hammer "Yly Ipp" {flame, Will+}
rCold   + . .        (no shield)
rNeg    + + .        a - +0 robe
rPois   ∞            (no helmet)
rElec   +            B - scarf {rC+ rF+}
rCorr   .            c - +1 pair of gloves
SInv    .            (no boots)
Will    +....        (no amulet)
Stlth   ++           s - ring of wizardry
HPRegen 0.26/turn    u - ring of positive energy
MPRegen 0.15/turn

%: wizardry (x1)
@: no status effects
A: sickness immunity, AC +4, negative energy resistance 1, electricity
resistance, torment resistance 1, petrification resistance
a: Renounce Religion, Potion Petition, Call Merchant, Bribe Branch


You were on level 6 of the Dungeon.
You worshipped Gozag.
Gozag was aware of your devotion.
You visited 1 branch of the dungeon, and saw 6 of its levels.

You collected 504 gold pieces.
You spent 160 gold pieces at shops.
You paid 45 gold pieces to Gozag.

Inventory:

Hand Weapons
 o - a +1 dagger of venom
 A - the +7 hammer "Yly Ipp" (weapon) {flame, Will+}
   (You found it on level 5 of the Dungeon)

   Will+:     It increases your willpower.
Missiles
 z - 2 throwing nets
Armour
 a - a +0 robe (worn)
 c - a +1 pair of gloves (worn)
 i - a +0 cloak
 B - a scarf of resistance (worn)
Jewellery
 s - a ring of wizardry (left hand)
 u - a ring of positive energy (right hand)
 y - a ring of wizardry
Wands
 j - a wand of flame (35)
 l - a wand of roots (6)
 C - a wand of digging (6)
Scrolls
 f - a scroll of vulnerability {unknown}
 h - 2 scrolls of teleportation {unknown}
 k - a scroll of fear {unknown}
 n - a scroll of amnesia {unknown}
 p - 2 scrolls of revelation {unknown}
 q - 2 scrolls of noise {unknown}
 t - 3 scrolls of identify {unknown}
 w - a scroll of fog {unknown}
Potions
 b - a potion of magic
 d - a potion of lignification {unknown}
 e - a potion of mutation {unknown}
 g - 3 potions of curing {unknown}
 m - 3 potions of attraction {unknown}
 r - 5 potions of brilliance {unknown}
 v - a potion of berserk rage {unknown}
 x - a potion of might {unknown}


   Skills:
 - Level 0.2 Short Blades
 - Level 0.4 Maces & Flails
 - Level 1.7 Dodging
 - Level 2.1 Stealth
 - Level 0.8 Unarmed Combat
 * Level 6.6 Spellcasting
 - Level 1.2 Conjurations
 - Level 3.1 Fire Magic


You had 13 spell levels left.
You knew the following spells:

 Your Spells              Type           Power      Damage    Failure   Level
a - Foxfire               Conj/Fire      52%        2x1d6     1%          1
b - Scorch                Fire           34%        2d6       1%          2
c - Volatile Blastmotes   Fire/Tloc      22%        2d11      8%          3

Your spell library contained the following spells:

 Spells                   Type           Power      Damage    Failure   Level
 Slow                     Hex            20%        N/A       4%          1
 Jinxbite                 Hex            10%        N/A       7%          2
 Inner Flame              Hex/Fire       11%        N/A       8%          3
 Confusing Touch          Hex            5%         N/A       14%         3
 Sigil of Binding         Hex            5%         N/A       14%         3
 Vampiric Draining        Necr           5%         2d6       14%         3
 Flame Wave               Conj/Fire      13%        2d6       17%         4
 Yara's Violent Unravell  Hex/Alch       2%         3d3       75%         5
 Summon Cactus Giant      Summ           2%         N/A       99%         6
 Enfeeble                 Hex            2%         N/A       100%        7


Dungeon Overview and Level Annotations

Branches:
Dungeon (6/15)
 Temple: D:4-7

Altars:
Dithmenos
Gozag
Nemelex Xobeh
Sif Muna
Trog
Wu Jian

Shops:
D:5 (:[[

Annotations:
D:3 1 runed translucent door, flestrin's ghost, amateur DrSh
D:5 1 runed translucent door, Crazy Yiuf; Yehuk's ghost, novice GrMo
D:6 Pikel


Innate Abilities, Weirdness & Mutations

You are immune to sickness and miasma.
Your stone body is resilient. (AC +4)
You are immune to poison.
You resist negative energy. (rN+)
You are resistant to electric shocks. (rElec)
You are resistant to unholy torment.
You are immune to petrification.


Message History

The foxfire hits the lemure but does no damage.
The foxfire hits the lemure.
The lemure is lightly wounded.
The lemure closely misses you.
The sleepcap releases spores at you but does no damage.
The orc hits you with a +0 war axe.
* * * LOW HITPOINT WARNING * * *
The sky beast hits you.
* * * LOW HITPOINT WARNING * * *
The sky beast shocks you. You resist.
* * * LOW HITPOINT WARNING * * *
Casting: Foxfire (safe; 1% risk of failure)
Confirm with . or Enter, or press ? or * to list all spells.
You conjure some foxfire!
The foxfire hits the sky beast.
The sky beast is moderately wounded.
The foxfire hits the lemure.
The lemure is lightly wounded.
The sleepcap completely misses you. The orc hits you with a +0 war axe.
* * * LOW HITPOINT WARNING * * *
The sky beast barely misses you. The lemure barely misses you.
The foxfire hits Pikel.
Pikel is lightly wounded.
Casting: Foxfire (safe; 1% risk of failure)
Confirm with . or Enter, or press ? or * to list all spells.
You conjure some foxfire!
The foxfire hits the lemure but does no damage.
The lemure is lightly wounded.
The lemure closely misses you.
The sleepcap releases spores at you but does no damage.
The orc hits you but does no damage. The sky beast closely misses you.
Casting: Foxfire (safe; 1% risk of failure)
Confirm with . or Enter, or press ? or * to list all spells.
You conjure some foxfire!
The foxfire hits Pikel but does no damage.
Pikel is lightly wounded.
The foxfire hits the sky beast but does no damage.
The sky beast is moderately wounded.
The sleepcap releases spores at you.
You die...
Your body crumbles into a pile of gold.

.#.#........ ..#
#......##...##..#
.......#........#
###..............# #
................#.#.#
#...........#...z.#
##<............#
#....ofv....##..)#
#o#>.Y@5....#
...#....
..#.[..K....#
.....#..
.)###........#
##....... ..#
#........# #.z......
... #.######.#
#........ ....
#..##....# #zzz.....
##.##.#### #........
#.#..# #<......
#.#.## ##.....#


You could see Pikel, a sky beast, a lemure, a sleepcap (ally target) and an orc.

Vanquished Creatures
  An ogre (D:5)
  A phantom (D:5)
  3 lemures (D:5)
  A wight (D:5)
  A jelly (D:5)
  A hound (D:5)
  An iguana (D:4)
  An orc wizard (D:5)
  Robin (D:2)
  3 gnolls (D:5)
  3 adders (D:2)
  2 ufetubi (D:5)
  A ribbon worm (D:2)
  2 dart slugs
  2 orcs
  9 endoplasms
  6 giant cockroaches
  12 goblins
  12 hobgoblins
  3 jackals (D:1)
  2 quokkas
  7 ball pythons
  9 bats
  4 frilled lizards
  4 kobolds
  8 rats
100 creatures vanquished.

Vanquished Creatures (others)
  149 foxfires
149 creatures vanquished.

Grand Total: 249 creatures vanquished

Notes
Turn   | Place    | Note
-------+----------+-------------------------------------------
     0 | D:1      | ChickenMitten the Gargoyle Fire Elementalist began the
                  | quest for the Orb.
     0 | D:1      | Reached XP level 1. HP: 10/10 MP: 3/3
   106 | D:1      | Reached XP level 2. HP: 7/15 MP: 0/5
   245 | D:1      | Learned a level 2 spell: Scorch
   634 | D:1      | Reached XP level 3. HP: 19/19 MP: 2/7
   804 | D:2      | Reached skill level 3 in Spellcasting
  1132 | D:2      | Noticed Robin
  1267 | D:1      | Reached XP level 4. HP: 21/24 MP: 0/9
  1411 | D:2      | Killed Robin
  1701 | D:2      | Found a faded altar of an unknown god.
  1861 | D:2      | Reached skill level 4 in Spellcasting
  2029 | D:3      | Found an opulent altar of Gozag.
  2037 | D:3      | Became a worshipper of Gozag Ym Sagoz the Greedy
  2233 | D:3      | Reached XP level 5. HP: 28/28 MP: 11/11
  2408 | D:3      | Noticed flestrin's ghost (amateur DrSh)
  2409 | D:3      | Found a runed translucent door.
  2742 | D:4      | Found an ornate altar of the Wu Jian Council.
  3085 | D:4      | Found a bloodstained altar of Trog.
  3508 | D:4      | Found a sparkling altar of Nemelex Xobeh.
  3554 | D:5      | Entered Level 5 of the Dungeon
  3570 | D:5      | Noticed an ogre
  3575 | D:5      | Killed an ogre
  3576 | D:5      | Reached skill level 5 in Spellcasting
  3576 | D:5      | Reached XP level 6. HP: 32/32 MP: 7/14
  3634 | D:5      | Found Atwallaz's Book Emporium.
  3851 | D:5      | Identified the +0 leather armour of Sloth {rF- rC+ rN+}
  3868 | D:5      | Found a runed translucent door.
  3869 | D:5      | Identified the +7 hammer "Yly Ipp" {flame, Will+}
  3897 | D:5      | Noticed Crazy Yiuf
  3906 | D:5      | Found Haikic's Antique Armour Emporium.
  3968 | D:5      | Bought an embroidered scarf for 160 gold pieces
  3986 | D:5      | Found a large runed translucent door.
  3986 | D:5      | Found a large runed translucent door.
  4016 | D:5      | Found Loawkito's Antique Weapon Emporium.
  4049 | D:5      | Reached skill level 6 in Spellcasting
  4077 | D:5      | Noticed Yehuk's ghost (novice GrMo)
  4097 | D:5      | Found Ridob's Antique Armour Boutique.
  4232 | D:5      | Found a shadowy altar of Dithmenos.
  4394 | D:5      | Found a shimmering blue altar of Sif Muna.
  4573 | D:6      | Noticed Pikel
  4573 | D:6      | Noticed a sky beast
  4589 | D:5      | Reached XP level 7. HP: 25/36 MP: 2/16
  5239 | D:5      | Upgraded the game from 0.31.0-11-ge490571c62 to
                  | 0.31.0-12-g77e489cdc1
  5243 | D:5      | Learned a level 3 spell: Volatile Blastmotes
  5412 | D:6      | HP: 1/36 [orc/+0 war axe (6)]
  5414 | D:6      | Slain by a sleepcap

Illustrated notes

Levels and vault maps discovered:
D:1:      moated_graveyard_arrival, layout_basic, chequers_garden
D:2:      layout_rooms, nicolae_ecumenical_snake_handling,
          minmay_misc_feat_room, minmay_3d_cube, uniq_robin
D:3:      layout_rooms, grunt_gozag_statues, gammafunk_ghost_grave,
          nicolae_concentric_dashed_squares_mild, serial_bayou_pond_c,
          grunt_ministairs_7, serial_bayou_crossing
D:4:      layout_basic, lemuel_round_altar, lemuel_round_altar,
          nemelex_xobeh_ov_fountains_minmay
D:5:      layout_cave_pools, led_sif_book, mainiacjoe_overflow_24_doors,
          serial_shops, shop, shop, nicolae_book_shop_shelving,
          nicolae_shop_rolling_square, ebering_ghost_disaster_area,
          uniq_crazy_yiuf_cottage
D:6:      layout_rooms, mainiacjoe_overflow_small_starburst,
          minmay_temple_entry_nine_rooms, minmay_misc_feat_iff,
          minmay_increasing_density, uniq_pikel, uniq_menkaure, uniq_duvessa

Skill      XL: |  1  2  3  4  5  6 |
---------------+-------------------+-----
Spellcasting   | 3 4 5 6 |  6.6
Short Blades   | |  0.2
Maces & Flails | |  0.4
Dodging        | |  1.7
Stealth        | |  2.1
Unarmed Combat | |  0.8
Conjurations   | |  1.2
Fire Magic     | |  3.1

Action                     |  1- 3 |  4- 6 |  7- 9 || total
---------------------------+-------+-------+-------++-------
  Melee: Unarmed           |    55 |     2 |       ||    57
         Punch             |     1 |       |       ||     1
         Dagger            |       |    96 |       ||    96
         Mace              |       |    25 |       ||    25
   Cast: Foxfire           |    49 |    28 |     6 ||    83
         Scorch            |     6 |    26 |    14 ||    46
         Volatile Blastmot |       |       |     3 ||     3
   Stab: Sleeping          |       |     1 |       ||     1
 Armour: Robe              |    61 |    81 |    26 ||   168
  Dodge: Dodged            |    77 |    97 |    14 ||   188
